 Dungeon Crawl Stone Soup version 0.21.0-25-ge575cb9 (webtiles) character file.

208 halftheisland the Sneak (level 5, -1/24 HPs)
             Began as a Spriggan Enchanter on Jan 26, 2018.
             Slain by a wight
             ... wielding a cursed +4 hand axe
              (10 damage)
             ... on level 4 of the Dungeon.
             The game lasted 00:22:35 (4381 turns).

halftheisland the Sneak (Spriggan Enchanter)        Turns: 4381, Time: 00:22:36

Health: -1/24      AC:  4    Str:  5    XL:     5   Next: 55%
Magic:  0/12       EV: 18    Int: 17    God:
Gold:   61         SH:  0    Dex: 16    Spells: 3/12 levels left

rFire    . . .     SeeInvis +   a - +1 dagger
rCold    . . .     Gourm    .   (shield restricted)
rNeg     . . .     Faith    .   b - +1 robe
rPois    .         Spirit   .   (helmet restricted)
rElec    .         Reflect  .   (no cloak)
rCorr    .         Harm     .   (gloves unavailable)
MR       .....                  (boots unavailable)
Stlth    +++.......             (no amulet)
HPRegen  0.08/turn              (no ring)
MPRegen  0.13/turn              (no ring)

@: drained, very quick
A: very small, unfitting armour, hooves 1, see invisible, deterioration 1,
herbivore, speed 3, shaggy fur 1, slow metabolism 2
a: no special abilities


You were on level 4 of the Dungeon.
You were not hungry.

You visited 1 branch of the dungeon, and saw 5 of its levels.

You collected 201 gold pieces.
You spent 140 gold pieces at shops.

Inventory:

Hand Weapons
 a - a +1 dagger (weapon)
 e - a +1 short sword of venom
 q - a +0 blowgun
 s - a +2 dagger of speed
Missiles
 j - 29 poisoned needles (quivered)
Armour
 b - a +1 robe (worn)
Scrolls
 f - a scroll of magic mapping
 m - a scroll of blinking
 n - 2 scrolls of teleportation
 o - 2 scrolls of identify
Potions
 g - 2 potions of invisibility
 h - 2 potions of agility
 l - a potion of heal wounds
Books
 c - a book of Maledictions

   Spells                             Type                      Level
   a - Corona                         Hexes                        1
   b - Ensorcelled Hibernation        Hexes/Ice                    2
   c - Confuse                        Hexes                        3
   d - Tukima's Dance                 Hexes                        3
   e - Dazzling Spray                 Conjuration/Hexes            3
 k - a book of Changes

   Spells                             Type                      Level
   a - Beastly Appendage              Transmutation                1
   b - Sticks to Snakes               Transmutation                2
   c - Spider Form                    Transmutation/Poison         3
   d - Ice Form                       Ice/Transmutation            4
   e - Blade Hands                    Transmutation                5
Comestibles
 d - 5 rations


   Skills:
 + Level 1.5(1.1) Short Blades
 + Level 0.2(0.0) Throwing
 + Level 3.3(2.9) Dodging
 * Level 7.0(6.5) Stealth
 + Level 4.3(3.8) Spellcasting
 + Level 4.5(4.0) Hexes
 + Level 0.7(0.2) Ice Magic


You had 3 spell levels left.
You knew the following spells:

 Your Spells              Type           Power        Failure   Level  Hunger
a - Corona                Hex            ###....      3%          1    None
b - Ensorcelled Hibernat  Hex/Ice        ##....       10%         2    ##.....
c - Confuse               Hex            ###.....     9%          3    ###....
d - Tukima's Dance        Hex            ###.....     9%          3    ###....


Dungeon Overview and Level Annotations

Branches:
Dungeon (5/15)
 Temple: D:4-7

Altars:
Kikubaaqudgha
Makhleb
Qazlal

Shops:
D:4 %


Innate Abilities, Weirdness & Mutations

You are very small and have problems with some larger weapons.
You are too small for most types of armour.
You have supernaturally acute eyesight. (SInv)
You are a herbivore.
You cover ground extremely quickly.
You need consume almost no food.
You have large cloven feet.
Your body sometimes deteriorates upon taking damage.
You are covered in fur. (AC +1)


Message History

Confirm with . or Enter, or press ? or * to list all spells.
You don't have enough magic to cast that spell.
Found Quneirch's Food Boutique.
A rat comes into view.
The rat moves out of view.
There is an entrance to Quneirch's Food Boutique here.
d - 4 rations (gained 1);
d - 5 rations (gained 1) Thank you for shopping at Quneirch's Food Boutique!
You start resting.
A wight is nearby!
Found 23 sling bullets.
There is an entrance to Quneirch's Food Boutique here.
Casting: Confuse
Confirm with . or Enter, or press ? or * to list all spells.
Aiming: Confuse
Press: ? - help, Shift-Dir - straight line, f/p - wight
Aim: a wight, wielding an enchanted hand axe and wearing a robe (chance to defeat MR: 48%)
The wight appears confused.
The wight hits you with an enchanted hand axe!
You die...

######## #...z@.# #######
#r####.# ##......
#####.####.# ##.......
#.......∩..#######).......
#.###.##.............#####
#.##.#.#######>#.#
#.##.#.# #.#.# # #.##.#.#
#.#.# # #.##.#.# #.#)# .


You could see a wight (confused) and a rat.

Vanquished Creatures
  A scorpion (D:4)
  A wight (D:4)
  A hound (D:3)
  2 adders
  4 dart slugs (D:1)
  3 leopard geckos
  2 orcs (D:3)
  2 giant cockroaches (D:1)
  4 hobgoblins
  6 jackals (D:1)
  3 quokkas
  11 bats
  2 frilled lizards
  9 goblins
  7 kobolds
  7 rats
65 creatures vanquished.

Notes
Turn   | Place    | Note
-------+----------+-------------------------------------------
     0 | D:1      | halftheisland the Spriggan Enchanter began the quest for the Orb.
     0 | D:1      | Reached XP level 1. HP: 9/9 MP: 5/5
   388 | D:1      | Reached skill level 5 in Stealth
   388 | D:1      | Reached XP level 2. HP: 11/13 MP: 4/6
   392 | D:1      | Learned a level 2 spell: Ensorcelled Hibernation
  1190 | D:1      | Reached XP level 3. HP: 16/16 MP: 5/8
  2024 | D:2      | Learned a level 1 spell: Corona
  2028 | D:2      | Learned a level 3 spell: Confuse
  2032 | D:2      | Learned a level 3 spell: Tukima's Dance
  2411 | D:2      | Gained mutation: Your body sometimes deteriorates upon taking damage. [potion of mutation]
  2411 | D:2      | Gained mutation: You have large cloven feet. [potion of mutation]
  2411 | D:2      | Gained mutation: You are covered in fur. (AC +1) [potion of mutation]
  2698 | D:2      | Reached XP level 4. HP: 21/21 MP: 8/11
  3431 | D:3      | Found an ancient bone altar of Kikubaaqudgha.
  3533 | D:3      | Found a burning altar of Makhleb.
  3536 | D:3      | Reached skill level 6 in Stealth
  3595 | D:3      | Found a stormy altar of Qazlal.
  3989 | D:4      | Reached XP level 5. HP: 24/24 MP: 7/12
  4334 | D:5      | Entered Level 5 of the Dungeon
  4351 | D:4      | Reached skill level 7 in Stealth
  4356 | D:4      | Found Quneirch's Food Boutique.
  4364 | D:4      | Bought a ration for 70 gold pieces
  4364 | D:4      | Bought a ration for 70 gold pieces
  4381 | D:4      | Slain by a wight

Skill      XL: |  1  2  3  4  5 |
---------------+----------------+-----
Stealth        | 5 6 7 |  7.0
Spellcasting   | 3 4 |  4.3
Hexes          | 4 |  4.5
Short Blades   | |  1.5
Throwing       | |  0.2
Dodging        | |  3.3
Ice Magic      | |  0.7

Action                   |  1- 3 |  4- 6 || total
-------------------------+-------+-------++-------
Melee: Dagger            |   117 |     9 ||   126
       Short sword       |       |    14 ||    14
       Kick              |       |     1 ||     1
 Fire: Blowgun           |       |     7 ||     7
 Cast: Corona            |     9 |       ||     9
       Ensorcelled Hiber |    47 |    10 ||    57
       Confuse           |       |    11 ||    11
  Use: Potion            |     6 |     1 ||     7
       Scroll            |     5 |     9 ||    14
 Stab: Sleeping          |    35 |    13 ||    48
       Distracted        |     2 |       ||     2
       Confused          |       |     2 ||     2
  Eat: Ration            |     1 |     2 ||     3
Armor: Robe              |    13 |     2 ||    15
Dodge: Dodged            |   100 |    17 ||   117
